 Dungeon Crawl Stone Soup version 0.24.0-1-gfbc8707122 (webtiles) character file.

Game seed: 6840054246069384087, levelgen mode: deterministic

411 Aviak the Caller (level 6, 0/44 (45) HPs)
             Began as a Draconian Summoner on Oct 26, 2019.
             Killed by nerve-wracking pain
             ... invoked by an orc priest
              (14 damage)
             ... on level 5 of the Dungeon.
             The game lasted 00:07:07 (3522 turns).

Aviak the Caller (Draconian Summoner)               Turns: 3522, Time: 00:07:08

HP:   0/44 (45)     AC: 10    Str: 10    XL:     6   Next: 58%
MP:   9/12          EV: 13    Int: 17    God:
Gold: 261           SH:  2    Dex: 12    Spells: 7/13 levels left

rFire    . . .     SeeInvis +   g - +1 spear
rCold    . . .     Gourm    .   (no shield)
rNeg     . . .     Faith    .   (armour unavailable)
rPois    .         Spirit   .   (helmet restricted)
rElec    .         Reflect  +   u - +0 cloak
rCorr    .         Harm     .   (no gloves)
MR       .....                  n - +2 pair of boots
Stlth    ++........             h - +2 amulet of reflection
HPRegen  0.14/turn              (no ring)
MPRegen  0.13/turn              Z - ring of see invisible

@: no status effects
A: unfitting armour, cold-blooded, AC +6
a: no special abilities


You were on level 5 of the Dungeon.
You were hungry.

You visited 1 branch of the dungeon, and saw 5 of its levels.

You collected 261 gold pieces.

Inventory:

Hand Weapons
 e - a +0 dagger
 g - a +1 spear (weapon)
Armour
 n - a +2 pair of boots (worn)
 u - a +0 cloak (worn)
Jewellery
 h - a +2 amulet of reflection (around neck)
 i - an uncursed ring of wizardry {unknown}
 Z - a ring of see invisible (right hand)
Scrolls
 j - a scroll of magic mapping
 l - 2 scrolls of fear
 t - a scroll of teleportation
 x - a scroll of blinking
Potions
 a - a potion of haste {unknown}
 c - 3 potions of curing
 d - a potion of resistance {unknown}
 f - 3 potions of degeneration {unknown}
 k - a potion of mutation {unknown}
 r - a potion of flight {unknown}
Comestibles
 b - 6 rations
 m - a chunk of flesh


   Skills:
 + Level 4.0 Dodging
 - Level 1.7 Stealth
 + Level 4.1 Spellcasting
 + Level 5.6 Summonings


You had 7 spell levels left.
You knew the following spells:

 Your Spells              Type           Power        Failure   Level  Hunger
a - Summon Small Mammal   Summ           ###.         1%          1    None
b - Call Imp              Summ           ###.....     2%          2    ##.....
c - Call Canine Familiar  Summ           ###.....     4%          3    ###....

Your spell library contained the following spells:

 Spells                   Type           Power        Failure   Level  Hunger
 Summon Guardian Golem    Hex/Summ       ##......     16%         3    ###....
 Summon Ice Beast         Ice/Summ       ##......     45%         4    ####...
 Summon Lightning Spire   Summ/Air       ##......     45%         4    ####...


Dungeon Overview and Level Annotations

Branches:
Dungeon (5/15)
 Temple: D:4-7

Altars:
Gozag

Shops:
D:5 }}


Innate Abilities, Weirdness & Mutations

Your plain brown scales are hard. (AC +6)
You cannot fit into any form of body armour.
You are cold-blooded and may be slowed by cold attacks.


Message History

Okay, then.
Attack whom?
Press: ? - help, Dir - move target cursor, f - orc priest
Aim: an orc priest, wielding a +0 club You reach to attack!
You hit the orc priest.
The orc priest is moderately wounded.
Your crimson imp barely misses the orc priest.
You closely miss the orc priest.
The orc priest is moderately wounded.
You are feeling hungry.
Your crimson imp hits the orc priest.
The orc priest closely misses you.
Your crimson imp blinks!
You closely miss the orc priest.
The orc priest is heavily wounded.
The orc priest misses you.
You closely miss the orc priest.
The orc priest is heavily wounded.
The orc priest mumbles some strange prayers to Beogh against you.
Pain shoots through your body!
You die...

#.#.# ###.#o#####.#
#.....O..##.#
#........##.#
#........##.#
#........##.###
#.....#..........
#.######..###.#######
.........รท..))o@....#
.#######.###.#####.#
#...5........#
#.#.##.#######
#.#.##.# #.#.##.#
#.#.##.# ..#.##.#
#=##.######


You could see an orc priest and a friendly crimson imp.

Vanquished Creatures
  An ice beast (D:4)
  A hound (D:4)
  An orc wizard (D:4)
  3 adders (D:4)
  An ooze (D:4)
  2 adder skeletons (D:4)
  3 dart slugs
  A leopard gecko (D:4)
  7 orcs
  4 giant cockroaches
  4 goblins
  3 hobgoblins
  2 jackals (D:3)
  2 kobolds
  3 quokkas
  3 ball pythons
  5 frilled lizards
  4 rats
50 creatures vanquished.

Vanquished Creatures (collateral kills)
  A necrophage (D:5)
  An ogre (D:5)
  Terence (D:3)
  A worker ant (D:4)
  3 gnolls (D:2)
  3 adders
  An ooze (D:1)
  A worm (D:3)
  10 orcs
  2 giant cockroaches
  4 goblins
  2 hobgoblins (D:1)
  A frilled lizard (D:1)
  4 kobolds
  2 rats
37 creatures vanquished.

Grand Total: 87 creatures vanquished

Notes
Turn   | Place    | Note
-------+----------+-------------------------------------------
     0 | D:1      | Aviak the Draconian Summoner began the quest for the Orb.
     0 | D:1      | Reached XP level 1. HP: 14/14 MP: 3/3
   456 | D:1      | Reached XP level 2. HP: 13/20 MP: 3/5
   950 | D:2      | Learned a level 2 spell: Call Imp
  1004 | D:2      | Reached XP level 3. HP: 18/26 MP: 2/6
  1691 | D:3      | Noticed Terence
  1705 | D:3      | Killed Terence
  1705 | D:3      | Reached XP level 4. HP: 17/33 MP: 2/8
  2617 | D:4      | Found an opulent altar of Gozag.
  2645 | D:4      | Reached XP level 5. HP: 32/38 MP: 9/9
  2778 | D:4      | Reached skill level 5 in Summonings
  2860 | D:4      | Noticed an ice beast
  2888 | D:4      | Killed an ice beast
  3058 | D:4      | Reached XP level 6. HP: 45/45 MP: 11/11
  3063 | D:4      | Learned a level 3 spell: Call Canine Familiar
  3400 | D:5      | Entered Level 5 of the Dungeon
  3427 | D:5      | Found Emygookk's Gadget Shoppe.
  3435 | D:5      | Found Nunenara's Gadget Shoppe.
  3522 | D:5      | Killed from afar by an orc priest

Levels and vault maps discovered:
D:1:      dpeg_arrival_pits, layout_basic
D:2:      layout_basic, first_ration, minmay_misc_feat_pillars
D:3:      layout_loops_ring, uniq_terence
D:4:      layout_loops_ring, old_standard_altar, dk_rats_in_the_wall
D:5:      layout_basic, serial_shops, shop, shop, nicolae_shop_statue_plus,
          shop, minmay_holes, bh_walls_and_bars

Skill      XL: |  1  2  3  4  5  6 |
---------------+-------------------+-----
Dodging        | 2 3 4 |  4.0
Spellcasting   | 3 4 |  4.1
Summonings     | 5 |  5.6
Stealth        | |  1.7

Action                   |  1- 3 |  4- 6 || total
-------------------------+-------+-------++-------
Melee: Unarmed           |    55 |       ||    55
       Tailslap          |     9 |    15 ||    24
       Dagger            |    24 |       ||    24
       Spear             |    47 |   162 ||   209
 Cast: Summon Small Mamm |    17 |       ||    17
       Call Imp          |    11 |    13 ||    24
       Call Canine Famil |       |     3 ||     3
  Use: Scroll            |       |     7 ||     7
 Stab: Sleeping          |     2 |     2 ||     4
       Distracted        |     2 |     1 ||     3
  Eat: Chunk             |     3 |     7 ||    10
Armor: Skin              |    40 |    51 ||    91
Dodge: Dodged            |    89 |    92 ||   181
Block: Other             |       |    14 ||    14
